 Dungeon Crawl Stone Soup version 0.29.1-1-gd02db6906a (webtiles) character file.

Game seed: 18442178390539702644

448 MisterFreud the Twirler (level 7, -6/56 HPs)
             Began as a Formicid Gladiator on Oct 9, 2022.
             Mangled by an ice beast (11 damage)
             ... on level 4 of the Dungeon.
             The game lasted 00:04:05 (4336 turns).

MisterFreud the Twirler (Formicid Gladiator)        Turns: 4336, Time: 00:04:06

Health: -6/56      AC:  7    Str: 20    XL:     7   Next: 24%
Magic:  0/7        EV:  9    Int:  8    God:
Gold:   145        SH:  0    Dex: 15    Spells: 6/6 levels left

rFire   . . .      SeeInvis +   a - +0 quarterstaff
rCold   . . .      Faith    .   (no shield)
rNeg    + . .      Spirit   +   b - +0 leather armour
rPois   .          Reflect  .   (helmet unavailable)
rElec   .          Harm     .   (no cloak)
rCorr   .          Rampage  .   (no gloves)
Will    .....                   (no boots)
Stlth   +.........              j - amulet of guardian spirit
HPRegen 0.18/turn               f - ring of positive energy
MPRegen 0.10/turn               q - +4 ring of protection

@: constricted
A: permanent stasis, dig shafts and tunnels, antennae 3, four strong arms
a: Dig, Shaft Self


You were on level 4 of the Dungeon.
You visited 1 branch of the dungeon, and saw 5 of its levels.

You collected 145 gold pieces.

Inventory:

Hand Weapons
 a - a +0 quarterstaff (weapon)
 k - a +0 whip
Missiles
 c - 3 throwing nets (quivered)
 d - a javelin
 g - 7 poisoned darts
Armour
 b - a +0 leather armour (worn)
Jewellery
 f - a ring of positive energy (left hand)
 i - an amulet of faith
 j - an amulet of guardian spirit (around neck)
 p - a +6 ring of dexterity
 q - a +4 ring of protection (right hand)
Wands
 o - a wand of quicksilver (6)
Scrolls
 r - a scroll of butterflies
Potions
 e - 2 potions of heal wounds
 h - 2 potions of might
 l - a potion of flight
 m - a potion of curing
 n - 2 potions of lignification
 t - a potion of cancellation


   Skills:
 - Level 5.0 Fighting
 - Level 6.0 Staves
 - Level 2.0 Throwing
 + Level 2.3 Armour
 - Level 2.6 Dodging


You had 6 spell levels left.
You didn't know any spells.
Your spell library contained the following spells:

 Spells                   Type           Power      Damage    Failure   Level
 Fireball                 Conj/Fire      0%         3d3       100%        5
 Starburst                Conj/Fire      0%         6d3       100%        6
 Ignition                 Fire           0%         3d3       100%        8


Dungeon Overview and Level Annotations

Branches:
Dungeon (5/15)
 Temple: D:4-7

Altars:
Ru


Innate Abilities, Weirdness & Mutations

You cannot be hasted, slowed, berserked, paralysed or teleported.
You can dig through walls and to a lower floor.
You have a pair of large antennae on your head. (SInv)
Your four strong arms can wield two-handed weapons with a shield.


Message History

The ice beast is heavily wounded.
The ball python bites you but does no damage.
The ball python constricts you.
The ice beast hits you but does no damage.
The kobold completely misses you.
You hit the ice beast but do no damage.
The ice beast is heavily wounded.
The ball python bites you but does no damage.
The ball python constricts you. The ice beast barely misses you.
The kobold hits you but does no damage.
You thump the ice beast!
The ice beast is severely wounded.
The ball python bites you but does no damage.
The ball python constricts you. The kobold hits you but does no damage.
The ice beast hits you but does no damage.
The ball python closely misses you. The ball python constricts you.
You barely miss the ice beast.
The ice beast is severely wounded.
The ice beast hits you. The ice beast freezes you!
The kobold hits you with a +0 short sword.
The ball python bites you but does no damage.
The ball python constricts you.
You hit the ice beast but do no damage.
The ice beast is severely wounded.
The ball python misses you. The ball python constricts you.
The kobold barely misses you. The ice beast hits you.
* * * LOW HITPOINT WARNING * * *
The ice beast freezes you!
* * * LOW HITPOINT WARNING * * *
Unknown command.
Are you sure you want to shaft yourself?
The ball python bites you but does no damage.
The ball python constricts you. The ice beast barely misses you.
The kobold hits you but does no damage.
You begin to dig a shaft.
You continue digging a shaft.
The ball python closely misses you. The ball python constricts you.
The ice beast hits you.
* * * LOW HITPOINT WARNING * * *
The ice beast freezes you!
You die...

#.....#....#
.....#......#
g#.......#.#
...........#
.....#######
#.#######
#######........
......SYK......
#@.......
#........
#.)......
#.######.
#....## #.....#
{ #.†...# #
#.....### ##..#
#.......##......


You could see an ice beast, a hobgoblin, a ball python and a kobold.

Vanquished Creatures
  Sigmund (D:2)
  A phantom (D:5)
  A scorpion (D:4)
  A hound (D:4)
  An iguana (D:4)
  Robin (D:3)
  A gnoll (D:2)
  2 adders (D:3)
  A worm (D:2)
  2 dart slugs (D:2)
  9 ball pythons
  3 bats
  6 endoplasms
  5 giant cockroaches
  10 goblins
  11 hobgoblins
  2 frilled lizards (D:1)
  5 kobolds
  6 rats
69 creatures vanquished.

Notes
Turn   | Place    | Note
-------+----------+-------------------------------------------
     0 | D:1      | MisterFreud the Formicid Gladiator began the quest for the
                  | Orb.
     0 | D:1      | Reached XP level 1. HP: 16/16 MP: 1/1
   125 | D:1      | Reached XP level 2. HP: 21/22 MP: 2/2
   559 | D:1      | Reached skill level 4 in Staves
   559 | D:1      | Reached XP level 3. HP: 27/27 MP: 3/3
   946 | D:2      | You fall into a shaft and drop 1 floor!
  1239 | D:2      | Found a sacrificial altar of Ru.
  1273 | D:2      | Noticed Sigmund
  1279 | D:2      | You fall into a shaft and drop 1 floor!
  1621 | D:2      | Noticed Robin
  1813 | D:3      | Killed Robin
  1814 | D:3      | Reached XP level 4. HP: 28/33 MP: 4/4
  2141 | D:2      | Killed Sigmund
  2142 | D:2      | Reached skill level 6 in Staves
  2142 | D:2      | Reached XP level 5. HP: 24/41 MP: 5/5
  2142 | D:2      | Reached XP level 6. HP: 27/47 MP: 6/6
  2308 | D:2      | Found a faded altar of an unknown god.
  3989 | D:4      | Noticed an ice beast
  3993 | D:4      | You fall into a shaft and drop 1 floor!
  3993 | D:5      | Entered Level 5 of the Dungeon
  4273 | D:4      | Reached skill level 5 in Fighting
  4273 | D:4      | Reached XP level 7. HP: 51/56 MP: 5/7
  4278 | D:4      | Reached skill level 1 in Armour
  4336 | D:4      | Mangled by an ice beast

Illustrated notes

Levels and vault maps discovered:
D:1:      lightli_iron_boxes, layout_rooms, grunt_decor_resistance,
          minmay_fountain_box
D:2:      layout_loops_ring, chequers_ecumenical_altar_lobes, basic_altar,
          minmay_quadrilaterals, uniq_robin, uniq_sigmund
D:3:      layout_loops_corners
D:4:      layout_basic, nemelex_xobeh_ov_fountains_minmay,
          grunt_dithmenos_smoke_and_mirrors, minmay_increasing_density
D:5:      layout_basic, serial_shops,
          nicolae_shop_temple_entry_statues_fountains, corner_web_ring,
          moated_statue, uniq_duvessa

Skill      XL: |  1  2  3  4  5  6  7 |
---------------+----------------------+-----
Staves         | 4 6 |  6.0
Fighting       | 3 5 |  5.0
Armour         | 2 |  2.3
Throwing       | |  2.0
Dodging        | |  2.6

Action                   |  1- 3 |  4- 6 |  7- 9 || total
-------------------------+-------+-------+-------++-------
Melee: Quarterstaff      |    84 |   114 |    24 ||   222
       Punch             |     1 |       |       ||     1
 Abil: Shaft Self        |     2 |     1 |     1 ||     4
  Use: Scroll            |     3 |    11 |       ||    14
       Potion            |       |     2 |       ||     2
 Stab: Sleeping          |     3 |     1 |       ||     4
       Distracted        |       |     1 |       ||     1
Armor: Leather armour    |    12 |    34 |    18 ||    64
Dodge: Dodged            |    58 |    64 |    17 ||   139
